 Dungeon Crawl Stone Soup version 0.26-a0-58-g79b31b8662 (webtiles) character file.

Game seed: 11040391138302032370

154 funkygono the Conjurer (level 5, 0/28 HPs)
             Began as a Gargoyle Conjurer on June 9, 2020.
             Slain by an orc
             ... wielding a +0 hand axe
              (4 damage)
             ... on level 3 of the Dungeon.
             The game lasted 00:07:21 (3255 turns).

funkygono the Conjurer (Gargoyle Conjurer)          Turns: 3255, Time: 00:07:22

Health: 0/28       AC:  8    Str: 12    XL:     5   Next: 35%
Magic:  7/8        EV: 12    Int: 16    God:
Gold:   144        SH:  0    Dex: 10    Spells: 3/9 levels left

rFire    . . .     SeeInvis .   j - +2 mace (holy)
rCold    + . .     Gourm    .   (no shield)
rNeg     + . .     Faith    .   o - +0 leather armour (curse)
rPois    ∞         Spirit   .   (no helmet)
rElec    +         Reflect  .   r - scarf {harm}
rCorr    .         Harm     .   (no gloves)
MR       .....                  i - +0 pair of boots
Stlth    ++........             (no amulet)
HPRegen  0.09/turn              b - ring of protection from fire
MPRegen  0.11/turn              n - ring of ice

@: no status effects
A: negative energy resistance 1, electricity resistance, unbreathing,
petrification resistance, rot immunity, AC +4
a: no special abilities


You were on level 3 of the Dungeon.
You were not hungry.

You visited 1 branch of the dungeon, and saw 3 of its levels.

You collected 144 gold pieces.

Inventory:

Hand Weapons
 j - a +2 mace of holy wrath (weapon)
Missiles
 d - 115 stones (quivered)
Armour
 a - a +0 robe
 i - a +0 pair of boots (worn)
 o - a cursed +0 leather armour (worn)
 r - a scarf of harm (worn)
Jewellery
 b - a ring of protection from fire (left hand)
 n - a ring of ice (right hand)
Scrolls
 f - a scroll of fog
 g - 2 scrolls of identify
 q - a scroll of teleportation
Potions
 e - 2 potions of curing {unknown}
 h - a potion of ambrosia
 k - a potion of heal wounds
 p - a potion of magic
Comestibles
 c - 3 rations
 l - 2 chunks of flesh


   Skills:
 + Level 0.2 Fighting
 + Level 1.2 Maces & Flails
 + Level 0.8 Armour
 + Level 2.1 Dodging
 + Level 2.6 Stealth
 + Level 2.6 Spellcasting
 + Level 5.9 Conjurations


You had 3 spell levels left.
You knew the following spells:

 Your Spells              Type           Power        Failure   Level  Hunger
a - Magic Dart            Conj           ###.         2%          1    #......
b - Searing Ray           Conj           ###...       3%          2    ##.....
c - Dazzling Flash        Conj/Hex       ##....       22%         3    ###....

Your spell library contained the following spells:

 Spells                   Type           Power        Failure   Level  Hunger
 Fulminant Prism          Conj/Hex       ##........   58%         4    #####..
 Iskenderun's Mystic Bla  Conj/Tloc      ##......     58%         4    #####..


Dungeon Overview and Level Annotations

Branches:
Dungeon (3/15)

Altars:
Hepliaklqana


Innate Abilities, Weirdness & Mutations

You are resistant to torment.
Your stone body is resilient. (AC +4)
You are immune to poison.
You resist negative energy. (rN+)
You are resistant to electric shocks. (rElec)
You can survive without breathing.
You are immune to petrification.
You are immune to rotting.


Message History

Casting: Dazzling Flash (quite dangerous; 22% risk of failure)
Confirm with . or Enter, or press ? or * to list all spells.
The spell is quite dangerous to cast (22% risk of failure)!
Continue anyway?
Okay, then.
You hit the orc.
The orc is almost dead.
The orc hits you with a +0 flail.
* * * LOW HITPOINT WARNING * * *
The orc barely misses you.
You hit the orc.
You kill the orc!
The orc throws a boomerang.
The boomerang barely misses you.
The weapon returns to the orc!
The orc hits you with a +0 hand axe.
* * * LOW HITPOINT WARNING * * *
Okay, then.
You closely miss the orc. The orc hits you but does no damage. x2
You hit the orc.
The orc is almost dead.
The orc hits you but does no damage. x2; The orc hits you with a +0 hand axe.
You die...

###################
.......<........@o#
#################o#
#.##########
#...........
#÷......o... #
#....((.o...
...##.#...........
..................
##.##.#...........


You could see 2 orcs.

Vanquished Creatures
  An orc priest (D:3)
  An orc wizard (D:3)
  4 adders
  3 dart slugs (D:2)
  A leopard gecko (D:1)
  2 orcs (D:3)
  A bat (D:3)
  2 giant cockroaches
  2 goblins (D:1)
  5 hobgoblins
  5 jackals
  A quokka (D:3)
  2 ball pythons
  5 frilled lizards
  7 kobolds
  10 rats
52 creatures vanquished.

Notes
Turn   | Place    | Note
-------+----------+-------------------------------------------
     0 | D:1      | funkygono the Gargoyle Conjurer began the quest for the
                  | Orb.
     0 | D:1      | Reached XP level 1. HP: 10/10 MP: 3/3
   376 | D:1      | Reached XP level 2. HP: 9/15 MP: 0/5
   890 | D:1      | Learned a level 2 spell: Searing Ray
  1291 | D:1      | Reached skill level 5 in Conjurations
  1472 | D:2      | Reached XP level 3. HP: 19/19 MP: 3/6
  2596 | D:2      | Reached XP level 4. HP: 24/24 MP: 0/7
  2766 | D:3      | Learned a level 3 spell: Dazzling Flash
  2888 | D:3      | Found a hazy altar of Hepliaklqana.
  3226 | D:3      | Reached skill level 1 in Maces & Flails
  3226 | D:3      | Reached XP level 5. HP: 16/28 MP: 3/8
  3255 | D:3      | Slain by an orc

Illustrated notes

Levels and vault maps discovered:
D:1:      dpeg_arrival_snail, layout_basic
D:2:      layout_basic
D:3:      layout_basic, overflow_temple_1_default, first_ration,
          minmay_distorted

Skill      XL: |  1  2  3  4 |
---------------+-------------+-----
Conjurations   | 5 |  5.9
Maces & Flails | 1 |  1.2
Dodging        | 2 |  2.1
Fighting       | |  0.2
Armour         | |  0.8
Stealth        | |  2.6
Spellcasting   | |  2.6

Action                   |  1- 3 |  4- 6 || total
-------------------------+-------+-------++-------
Melee: Unarmed           |    44 |       ||    44
       Mace              |     7 |    25 ||    32
 Cast: Magic Dart        |    61 |    24 ||    85
       Searing Ray       |     3 |       ||     3
  Use: Scroll            |       |     9 ||     9
  Eat: Chunk             |     3 |     2 ||     5
       Ration            |     1 |       ||     1
Armor: Robe              |    17 |       ||    17
       Leather armour    |     1 |    20 ||    21
Dodge: Dodged            |    53 |    18 ||    71

Table legend:
 A = Non-vault XP
 B = Vault XP
 C = Vault XP percentage of total XP
 D = Non-vault monster count
 E = Vault monster count
 F = Vault count percentage of total count
                 A         B        C        D         E       F
            +---------+---------+-------+---------+---------+-------
      Total |     204 |      16 |   7.3 |      50 |       2 |   3.8
            +---------+---------+-------+---------+---------+-------
        D:1 |      32 |       0 |   0.0 |      20 |       0 |   0.0
        D:2 |      53 |       0 |   0.0 |      15 |       0 |   0.0
        D:3 |     119 |      16 |  11.9 |      15 |       2 |  11.8
            +---------+---------+-------+---------+---------+-------
